 Dungeon Crawl Stone Soup version 0.31-a0-164-g2312942fda (webtiles) character file.

Game seed: 3142211340137769245

85 qw the Shooter (level 4, 0/28 HPs)
             Began as a Gargoyle Hunter on June 13, 2023.
             Slain by Sigmund
             ... wielding a +1 scythe of protection
              (11 damage)
             ... on level 2 of the Dungeon.
             The game lasted 00:00:38 (1011 turns).

qw the Shooter (Gargoyle Hunter)                    Turns: 1011, Time: 00:00:38

Health: 0/28       AC:  6    Str: 15    XL:     4   Next: 48%
Magic:  4/4        EV: 26    Int:  9    God:
Gold:   82         SH:  0    Dex: 15    Spells: 3/3 levels left

rFire   . . .        Y - +0 shortbow
rCold   . . .        (shield currently unavailable)
rNeg    + + .        c - +0 leather armour
rPois   inf          (no helmet)
rElec   +            (no cloak)
rCorr   .            (no gloves)
SInv    .            (no boots)
Will    .....        i - amulet of the acrobat
Stlth   +            d - ring of positive energy
HPRegen 0.24/turn    (no ring)
MPRegen 0.09/turn

%: acrobat
@: confused, acrobatic
A: sickness immunity, AC +3, negative energy resistance 1, electricity
resistance, torment resistance 1, petrification resistance
a: no special abilities


You were on level 2 of the Dungeon.
You visited 1 branch of the dungeon, and saw 2 of its levels.

You collected 82 gold pieces.


Innate Abilities, Weirdness & Mutations

You are immune to sickness and miasma.
Your stone body is resilient. (AC +3)
You are immune to poison.
You resist negative energy. (rN+)
You are resistant to electric shocks. (rElec)
You are resistant to unholy torment.
You are immune to petrification.


   Skills:
 - Level 3.5 Fighting
 + Level 5.1 Ranged Weapons
 - Level 1.5 Dodging
 - Level 1.1 Stealth


You had 3 spell levels left.
You didn't know any spells.
Your spell library was empty.

Inventory:

Hand Weapons
 Y - a +0 shortbow (weapon)
Armour
 c - a +0 leather armour (worn)
 l - a +0 helmet
Jewellery
 d - a ring of positive energy (left hand)
 i - an amulet of the acrobat (around neck)
Scrolls
 g - a scroll of immolation {unknown}
 j - a scroll of identify
Potions
 a - a potion of magic {unknown}
 b - a potion of degeneration {unknown}
 e - a potion of resistance {unknown}
 f - a potion of haste
 h - a potion of heal wounds
 k - a potion of curing {unknown}

Dungeon Overview and Level Annotations

Branches:
Dungeon (2/15)

Altars:

Annotations:
D:2 Sigmund


Message History

Something tries to affect you, but you resist.
982 ||| FLEEEEING.
983 ||| FLEEEEING.
984 ||| FLEEEEING.
Enter note:
Enter note:
989 ||| FLEEEEING.
Enter note:
Enter note:
Enter note:
Enter note:
990 ||| FLEEEEING.
991 ||| FLEEEEING.
992 ||| FLEEEEING.
993 ||| FLEEEEING.
994 ||| FLEEEEING.
995 ||| FLEEEEING.
996 ||| FLEEEEING.
997 ||| FLEEEEING.
998 ||| FLEEEEING.
Something tries to affect you, but you resist.
1001 ||| FLEEEEING.
You are confused.
Sigmund appears from thin air!
Reactivating autopickup.
You feel less confused. Sigmund hits you but does no damage.
The hobgoblin completely misses you.
You shoot an arrow.
The arrow hits the hobgoblin but does no damage.
The hobgoblin hits you but does no damage.
Sigmund hits you from afar with a +1 scythe of protection!
You shoot an arrow. The arrow hits the hobgoblin.
The hobgoblin is heavily wounded.
The hobgoblin barely misses you.
You shoot an arrow. The arrow hits the hobgoblin.
You kill the hobgoblin!
Sigmund points at you and mumbles some strange words.
You are confused.
Sigmund hits you from afar with a +1 scythe of protection!
You die...

........... #.# #.# ##.####.##.#
#.# #.# #.# #.# .# #)# #.# #.#
#.##.# #.# #.# #.# #..... #.# #.#
#.# #..#.# .########.###.#
#.####..#.# ..............####
##.##....#.# ########..........
.........#.#####@........########
..................@.....##
#######..........########
############


You could see Sigmund.

Vanquished Creatures
  Jessica (D:2)
  An adder (D:2)
  2 bats
  4 endoplasms (D:1)
  5 giant cockroaches (D:1)
  7 goblins
  7 hobgoblins
  A kobold (D:1)
  4 quokkas
  3 ball pythons
  4 frilled lizards
  5 rats (D:1)
44 creatures vanquished.

Notes
Turn   | Place    | Note
-------+----------+-------------------------------------------
     0 | D:1      | qw the Gargoyle Hunter began the quest for the Orb.
     0 | D:1      | Reached XP level 1. HP: 12/12 MP: 1/1
     0 | D:1      | 0 ||| qw: Version: 0.2-a-29-gc1b59c4
     0 | D:1      | 0 ||| qw: Game counter: 4500
     0 | D:1      | 0 ||| qw: Always use a shield: true
     0 | D:1      | 0 ||| qw: God list: Okawaru
     0 | D:1      | 0 ||| qw: Allow faded altars: false
     0 | D:1      | 0 ||| qw: Do Orc after D:15 true
     0 | D:1      | 0 ||| qw: Do second Lair branch before Depths: true
     0 | D:1      | 0 ||| qw: Lair rune preference: random
     0 | D:1      | 0 ||| qw: Plans: Normal, Zot:1-4, Slime:5, God:TSO, Crypt,
                  | Tomb, Abyss, Pan, Hells, Win
     0 | D:1      | 0 ||| PLANNING D:1-11
   146 | D:1      | Reached XP level 2. HP: 16/17 MP: 2/2
   307 | D:1      | Reached XP level 3. HP: 21/21 MP: 3/3
   377 | D:1      | Reached skill level 5 in Ranged Weapons
   544 | D:1      | 544 ||| UPGRADING to amulet of the acrobat.
   549 | D:1      | 549 ||| UPGRADING to ring of positive energy.
   550 | D:1      | 550 ||| READING scroll labelled ATOWKU OPHETENA.
   551 | D:1      | 551 ||| READING scroll labelled ULIHYI FIRGHU.
   552 | D:1      | 552 ||| READING 4 scrolls labelled XOURHES XUUNEUFRID.
   553 | D:1      | 553 ||| READING scroll labelled WEPRUUCEEL.
   554 | D:1      | 554 ||| READING 3 scrolls of identify.
   554 | D:1      | 554 ||| IDENTIFYING amethyst potion
   555 | D:1      | 555 ||| READING 2 scrolls of identify.
   555 | D:1      | 555 ||| IDENTIFYING lumpy ruby potion
   556 | D:1      | 556 ||| DROPPING scroll of butterflies.
   714 | D:2      | Noticed Jessica
   728 | D:2      | Killed Jessica
   729 | D:2      | Reached skill level 3 in Fighting
   729 | D:2      | Reached XP level 4. HP: 26/28 MP: 4/4
   959 | D:2      | Noticed Sigmund
   971 | D:2      | 971 ||| FLEEEEING.
   972 | D:2      | 972 ||| FLEEEEING.
   973 | D:2      | 973 ||| FLEEEEING.
   974 | D:2      | 974 ||| FLEEEEING.
   975 | D:2      | 975 ||| FLEEEEING.
   976 | D:2      | 976 ||| FLEEEEING.
   977 | D:2      | 977 ||| FLEEEEING.
   978 | D:2      | 978 ||| FLEEEEING.
   979 | D:2      | 979 ||| FLEEEEING.
   980 | D:2      | 980 ||| FLEEEEING.
   981 | D:2      | 981 ||| FLEEEEING.
   982 | D:2      | 982 ||| FLEEEEING.
   983 | D:2      | 983 ||| FLEEEEING.
   984 | D:2      | 984 ||| FLEEEEING.
   989 | D:2      | 989 ||| FLEEEEING.
   990 | D:2      | 990 ||| FLEEEEING.
   991 | D:2      | 991 ||| FLEEEEING.
   992 | D:2      | 992 ||| FLEEEEING.
   993 | D:2      | 993 ||| FLEEEEING.
   994 | D:2      | 994 ||| FLEEEEING.
   995 | D:2      | 995 ||| FLEEEEING.
   996 | D:2      | 996 ||| FLEEEEING.
   997 | D:2      | 997 ||| FLEEEEING.
   998 | D:2      | 998 ||| FLEEEEING.
  1001 | D:2      | 1001 ||| FLEEEEING.
  1011 | D:2      | Slain by Sigmund

Levels and vault maps discovered:
D:1:      dpeg_cavernosity, layout_rooms
D:2:      layout_loops_ring, uniq_sigmund, uniq_jessica

Skill      XL: |  1  2  3 |
---------------+----------+-----
Ranged Weapons | 5 |  5.1
Fighting       | 3 |  3.5
Dodging        | |  1.5
Stealth        | |  1.1

Action                     |  1- 3 |  4- 6 || total
---------------------------+-------+-------++-------
   Fire: Shortbow          |   114 |    22 ||   136
    Use: Scroll            |     6 |       ||     6
 Armour: Leather armour    |    22 |     8 ||    30
  Dodge: Dodged            |    40 |    11 ||    51

Table legend:
 A = Non-vault XP
 B = Vault XP
 C = Vault XP percentage of total XP
 D = Non-vault monster count
 E = Vault monster count
 F = Vault count percentage of total count
                 A         B        C        D         E       F
            +---------+---------+-------+---------+---------+-------
      Total |      78 |      44 |  36.1 |      39 |       5 |  11.4
            +---------+---------+-------+---------+---------+-------
        D:1 |      50 |       7 |  12.3 |      29 |       4 |  12.1
        D:2 |      28 |      37 |  56.9 |      10 |       1 |   9.1
            +---------+---------+-------+---------+---------+-------
